 Dungeon Crawl Stone Soup version 0.26-a0-753-g4680b4fa2e (webtiles) character file.

Game seed: 3307554363007831532

4 Forecaster the Stinger (level 1, 0/15 HPs)
             Began as a Naga Venom Mage on Nov 7, 2020.
             Slain by a bat (1 damage)
             ... on level 1 of the Dungeon.
             The game lasted 00:01:16 (204 turns).

Forecaster the Stinger (Naga Venom Mage)             Turns: 204, Time: 00:01:16

Health: 0/15       AC:  1    Str: 10    XL:     1   Next: 60%
Magic:  1/3        EV: 10    Int: 15    God:
Gold:   35         SH:  0    Dex: 11    Spells: 3/4 levels left

rFire    . . .     SeeInvis +   f - +0 dagger
rCold    . . .     Faith    .   (no shield)
rNeg     . . .     Spirit   .   a - +0 robe
rPois    +         Reflect  .   (no helmet)
rElec    .         Harm     .   (no cloak)
rCorr    .         Rampage  .   (no gloves)
MR       .....                  (no barding)
Stlth    ++........             (no amulet)
HPRegen  0.05/turn              (no ring)
MPRegen  0.08/turn              (no ring)

@: very slow
A: large, see invisible, deformed body, poison resistance, slowness 2, spit
poison 1, AC +0
a: Spit Poison


You were on level 1 of the Dungeon.
You visited 1 branch of the dungeon, and saw 1 of its levels.

You collected 35 gold pieces.

Inventory:

Hand Weapons
 d - a +0 mace
 f - a +0 dagger (weapon)
Armour
 a - a +0 robe (worn)
Scrolls
 b - a scroll of enchant weapon {unknown}
 c - a scroll of remove curse {unknown}
 e - a scroll of amnesia {unknown}
 g - a scroll of immolation {unknown}


   Skills:
 + Level 1.5 Dodging
 + Level 3.0 Stealth
 + Level 2.0 Spellcasting
 + Level 1.1 Transmutations
 + Level 4.2 Poison Magic


You had 3 spell levels left.
You knew the following spells:

 Your Spells              Type           Power        Failure   Level
a - Sting                 Tmut/Pois      #...         8%          1

Your spell library contained the following spells:

 Spells                   Type           Power        Failure   Level
 Poisonous Vapours        Pois/Air       #.....       14%         2
 Ignite Poison            Fire/Tmut/Pois #.......     32%         3
 Mephitic Cloud           Conj/Pois/Air  #.......     36%         3
 Olgreb's Toxic Radiance  Pois           ##......     36%         4


Dungeon Overview and Level Annotations

Branches:
Dungeon (1/15)

Altars:


Innate Abilities, Weirdness & Mutations

You cannot wear boots.
Your serpentine skin is tough. (AC +0)
You have supernaturally acute eyesight. (SInv)
Armour fits poorly on your strangely shaped body.
Your system is resistant to poisons. (rPois)
You cover ground very slowly.
You can spit poison.


Message History

Your magical contamination has completely faded away.
You barely miss the hobgoblin. The hobgoblin hits you with a +0 club.
You hit the hobgoblin.
The hobgoblin is heavily wounded.
The hobgoblin hits you with a +0 club.
You hit the hobgoblin but do no damage.
The hobgoblin is heavily wounded.
The hobgoblin closely misses you.
You barely miss the hobgoblin.
The hobgoblin is heavily wounded.
The hobgoblin closely misses you.
You barely miss the hobgoblin.
The hobgoblin is heavily wounded.
The hobgoblin hits you with a +0 club.
* * * LOW HITPOINT WARNING * * *
The bat closely misses you.
You completely miss the bat. The bat hits you.
* * * LOW HITPOINT WARNING * * *
The bat barely misses you. The bat hits you.
You die...

#. #..............#
.###.....##.......#
..##.....##.......#
#.##.....##########
########.##.....#
.........##.....#
.........g#.....#
........#b#.....#
.....?..#@......#
........##.####.#
....g...##.# .#
g.......##.. .#
b.......###.#
....... .. #.# .#


You could see a hobgoblin and a bat.

Vanquished Creatures
  A goblin (D:1)
  2 bats (D:1)
  A rat (D:1)
4 creatures vanquished.

Notes
Turn   | Place    | Note
-------+----------+-------------------------------------------
     0 | D:1      | Forecaster the Naga Venom Mage began the quest for the Orb.
     0 | D:1      | Reached XP level 1. HP: 15/15 MP: 3/3
   204 | D:1      | Slain by a bat

Illustrated notes

Levels and vault maps discovered:
D:1:      dpeg_arrival_rhombus, layout_basic

Action                   || total
-------------------------++-------
Melee: Dagger            ||    17
       Mace              ||     1
 Cast: Sting             ||     9
Armor: Robe              ||     5
Dodge: Dodged            ||    17

Table legend: (Time is in decaauts)
 A = Elapsed time spent in this place.
 B = Non-inter-level travel time spent in this place.
 C = Inter-level travel time spent in this place.
 D = Time resting spent in this place.
 E = Time spent auto-exploring this place.
 F = Levels seen in this place.
 G = Mean time per level.
                   A        B        C        D        E       F      G
               +--------+--------+--------+--------+--------+-----+--------+
         Total |    227 |    227 |      0 |     18 |    118 |   1 |  227.0 |
       Dungeon |    227 |    227 |      0 |     18 |    118 |   1 |  227.0 |
               +--------+--------+--------+--------+--------+-----+--------+

Top non-repeatable levels by time:
     D:1: 227 daAuts
